 Dungeon Crawl Stone Soup version 0.20.1-1-g8b1a95d (webtiles) character file.

283 Savaroth the Cleaver (level 6, 0/51 HPs)
             Began as a Minotaur Berserker on Aug 6, 2017.
             Was a Priest of Trog.
             Slain by Grinder (3 damage)
             ... on level 4 of the Dungeon.
             The game lasted 00:07:00 (2207 turns).

Savaroth the Cleaver (Minotaur Berserker)           Turns: 2207, Time: 00:07:00

Health: 0/51       AC:  6    Str: 23    XL:     6   Next: 7%
Magic:  5/5        EV: 11    Int:  4    God:    Trog [***...]
Gold:   103        SH:  0    Dex: 10    Spells: 5/5 levels left

rFire    + . .     SeeInvis .   a - +0 hand axe
rCold    . . .     Gourm    .   (no shield)
rNeg     . . .     Faith    .   q - +0 ring mail
rPois    +         Spirit   .   (helmet restricted)
rElec    .         Reflect  .   (no cloak)
rCorr    .         Harm     .   o - +0 pair of gloves
MR       .....                  (no boots)
Stlth    ..........             (no amulet)
Regen    0.2/turn               k - ring of poison resistance
MPRegen  0.1/turn               u - ring of protection from fire

@: berserk cooldown, slowed, very slow
A: retaliatory headbutt, horns 2
a: Berserk, Trog's Hand, Burn Spellbooks, Renounce Religion


You were on level 4 of the Dungeon.
You worshipped Trog.
Trog was most pleased with you.
You were hungry.

You visited 1 branch of the dungeon, and saw 4 of its levels.

You collected 103 gold pieces.

Inventory:

Hand Weapons
 a - a +0 hand axe (weapon)
Armour
 b - a +0 animal skin
 o - a +0 pair of gloves (worn)
 q - a +0 ring mail (worn)
Jewellery
 k - a ring of poison resistance (left hand)
 u - a ring of protection from fire (right hand)
Scrolls
 e - 4 scrolls of identify {unknown}
 h - a scroll of teleportation {unknown}
 l - 5 scrolls of remove curse {unknown}
 m - a scroll of fear {unknown}
 n - a scroll of enchant armour {unknown}
 r - a scroll of magic mapping {unknown}
Potions
 d - a potion of might {unknown}
 g - 2 potions of brilliance {unknown}
 i - 3 potions of curing {unknown}
 j - a potion of invisibility {unknown}
 s - 3 potions of mutation {unknown}
 t - a potion of berserk rage {unknown}
Comestibles
 c - 2 bread rations
 f - a meat ration
 p - 5 fruits


   Skills:
 - Level 3.6 Fighting
 + Level 8.2 Axes
 - Level 2.4 Armour
 - Level 2.1 Dodging


You had 5 spell levels left.
You didn't know any spells.

Dungeon Overview and Level Annotations

Branches:
Dungeon (4/15)
 Temple: D:4-7

Altars:

Annotations:
D:4 Grinder


Innate Abilities, Weirdness & Mutations

You reflexively headbutt those who attack you in melee.
You have a pair of horns on your head.


Message History

You furiously retaliate!
You headbutt the hound skeleton!
You destroy the hound skeleton!
Trog accepts your kill.
You closely miss Grinder.
Grinder is heavily wounded.
Grinder barely misses you. You furiously retaliate!
You headbutt Grinder! Grinder hits you.
* * * LOW HITPOINT WARNING * * *
You hit Grinder.
Grinder is severely wounded.
Grinder gestures at you. Pain shoots through your body!
* * * LOW HITPOINT WARNING * * *
Unknown command.
You barely miss Grinder.
Grinder is severely wounded.
Grinder hits you.
* * * LOW HITPOINT WARNING * * *
You writhe in agony.
You die...

. ....... ##. ........
##... ....... #...%.
...... #......
#...##.......
#..#........
#.#......... #...@5....#
#.#....#### ##.######
#.## #.## #..#### #.
##.....##### #.
..............##### #
..................######
#


You could see Grinder.

Vanquished Creatures
  A sky beast (D:4)
  An orc wizard (D:4)
  An orc priest (D:4)
  A hound skeleton (D:4)
  2 adders
  An ooze (D:1)
  3 worms (D:2)
  2 dart slugs
  2 leopard geckos
  6 orcs
  A ball python (D:2)
  3 giant cockroaches (D:2)
  11 goblins
  10 hobgoblins
  2 jackals (D:2)
  A quokka (D:3)
  10 bats
  4 frilled lizards
  10 kobolds
  A quokka skeleton (D:4)
  7 rats
80 creatures vanquished.

Notes
Turn   | Place    | Note
-------+----------+-------------------------------------------
     0 | D:1      | Savaroth the Minotaur Berserker began the quest for the Orb.
     0 | D:1      | Reached XP level 1. HP: 19/19 MP: 0/0
    57 | D:1      | Reached skill level 4 in Axes
   186 | D:1      | Reached XP level 2. HP: 24/26 MP: 1/1
   261 | D:1      | Reached skill level 5 in Axes
   311 | D:1      | Reached XP level 3. HP: 15/31 MP: 2/2
   849 | D:2      | Reached ** piety under Trog
  1325 | D:2      | Reached XP level 4. HP: 35/39 MP: 3/3
  1383 | D:3      | Reached skill level 6 in Axes
  1633 | D:3      | Reached *** piety under Trog
  1848 | D:4      | Noticed a sky beast
  1859 | D:4      | Killed a sky beast
  1859 | D:4      | Reached skill level 7 in Axes
  1859 | D:4      | Reached XP level 5. HP: 45/45 MP: 4/4
  1913 | D:4      | Reached skill level 8 in Axes
  2187 | D:4      | Noticed Grinder
  2193 | D:4      | Reached XP level 6. HP: 50/51 MP: 5/5
  2197 | D:4      | Paralysed by Grinder for 6 turns
  2207 | D:4      | Slain by Grinder

Skill      XL: |  1  2  3  4  5 |
---------------+----------------+-----
Axes           | 4 5 7 8 |  8.2
Fighting       | |  3.6
Armour         | |  2.4
Dodging        | |  2.1

Action                   |  1- 3 |  4- 6 || total
-------------------------+-------+-------++-------
Melee: Hand axe          |    91 |    82 ||   173
       Headbutt          |    12 |    17 ||    29
Invok: Berserk           |     1 |     2 ||     3
 Stab: Sleeping          |       |     1 ||     1
  Eat: Chunk             |     2 |     4 ||     6
Armor: Animal skin       |    14 |     1 ||    15
       Ring mail         |       |    25 ||    25
       Skin              |       |     1 ||     1
Dodge: Dodged            |    51 |    47 ||    98
